 Dungeon Crawl Stone Soup version 0.30-a0-711-gf4ac18a38d (console) character file.

Game seed: 5370914202846071421

69528 jejorda2 the Impaler (level 15, 0/101 (111) HPs)
             Began as a Merfolk Berserker on Jan 22, 2023.
             Was an Elder of Trog.
             Slain by a manticore (12 damage)
             ... on level 12 of the Dungeon.
             The game lasted 01:01:34 (21023 turns).

jejorda2 the Impaler (Merfolk Berserker)           Turns: 21023, Time: 01:01:35

HP:   0/101 (111)   AC: 25    Str: 25    XL:     15   Next: 30%
MP:   15/15         EV: 21    Int:  6    God:    Trog [****..]
Gold: 2020          SH:  0    Dex: 14    Spells: 14/14 levels left

rFire   + . .      SeeInvis .    a - +4 bardiche (heavy)
rCold   + + .      Faith    .    (shield currently unavailable)
rNeg    . . .      Spirit   .    O - +0 chain mail {rPois}
rPois   +          Reflect  .    v - +2 helmet
rElec   .          Harm     .    T - +5 cloak "Roczetaq" {rF+ rC++}
rCorr   .          Rampage  +    r - +2 pair of gloves
Will    +....                    R - +0 pair of boots {rampage} Stlth
                                 L - amulet of the acrobat
HPRegen 0.36/turn                x - +5 ring of evasion
MPRegen 0.14/turn                i - +5 ring of evasion

@: about to teleport, on berserk cooldown, slowed, drained, very slow
A: (nimble swimmer 2), mertail, frail 1
a: Renounce Religion, Berserk, Trog's Hand, Brothers in Arms


You were on level 12 of the Dungeon.
You worshipped Trog.
Trog was greatly pleased with you.
You visited 2 branches of the dungeon, and saw 17 of its levels.
You also visited: Bailey, Gauntlet and Ice Cave.

You collected 2214 gold pieces.
You spent 194 gold pieces at shops.

Inventory:

Hand Weapons
 a - a +4 heavy bardiche (weapon)
 b - a +0 demon trident
Missiles
 d - 43 poisoned darts
 f - 11 curare-tipped darts
 y - 4 datura-tipped darts
 B - 14 atropa-tipped darts
 D - 17 boomerangs (quivered)
 E - 2 throwing nets
 U - 2 silver javelins
Armour
 r - a +2 pair of gloves (worn)
 v - a +2 helmet (worn)
 O - a +0 chain mail of poison resistance (worn)
 R - a +0 pair of boots of rampaging (worn)
 T - the +5 cloak "Roczetaq" (worn) {rF+ rC++}
   (You found it in a Gauntlet)

   rF:        It protects you from fire.
   rC:        It greatly protects you from cold.
Jewellery
 i - a +5 ring of evasion (right hand)
 t - a ring of see invisible
 x - a +5 ring of evasion (left hand)
 I - the ring "Numuam" {rElec Int+6 Slay+2}
   (You found it in a bailey)

   [ring of intelligence]

   Int:       It affects your intelligence (+6).
   Slay:      It affects your accuracy & damage with ranged weapons and melee
   (+2).
   rElec:     It insulates you from electricity.
 L - an amulet of the acrobat (around neck)
 X - a ring of fire
Wands
 c - a wand of mindburst (8)
 l - a wand of paralysis (14)
 u - a wand of digging (6)
 G - a wand of flame (56)
 J - a wand of roots (6)
 N - a wand of acid (10)
 Q - a wand of polymorph (18)
Scrolls
 h - a scroll of enchant armour
 j - 8 scrolls of teleportation
 m - a scroll of silence
 o - 2 scrolls of immolation
 q - 2 scrolls of magic mapping
 K - 2 scrolls of summoning
 S - 2 scrolls of poison
Potions
 e - 4 potions of might
 g - 2 potions of cancellation
 k - 6 potions of ambrosia
 n - a potion of resistance
 p - 4 potions of invisibility
 s - 4 potions of flight
 w - 3 potions of attraction
 z - 2 potions of mutation
 A - 10 potions of heal wounds
 F - 6 potions of curing
 P - a potion of haste
Miscellaneous
 C - a lightning rod (4/4)
 H - a phial of floods
 V - a condenser vane


   Skills:
 + Level 13.6 Fighting
 + Level 20.9 Polearms
 - Level 12.0 Throwing
 + Level 7.7 Armour
 - Level 6.0 Dodging
 - Level 4.0 Stealth
 - Level 7.0 Evocations


You had 14 spell levels left.
You didn't know any spells.
Your spell library was empty.

Dungeon Overview and Level Annotations

Branches:
Dungeon (12/15)            Temple (0/1) D:7            Lair (5/5) D:9
 Shoals (0/4) Lair:3        Snake (0/4) Lair:3        Slime (0/5) Lair:4
    Orc (0/2) D:10         Bailey (visited)           IceCv (visited)
Gauntlet (visited)

Altars:
Ashenzari
Cheibriados
Elyvilon
Gozag
Makhleb
Nemelex Xobeh
Okawaru
Qazlal
Yredelemnul
Zin
Jiyva

Shops:
D:1 [   D:3 ?   D:11 (   D:12 (

Portals:
Hell: Lair:5

Annotations:
D:4 2 transporters, olddryhag's ghost, amateur DrTm
D:12 1 transporter, bronco's ghost, journeyman SpBr


Innate Abilities, Weirdness & Mutations

((You are very nimble when in or above water. (Stealth+, EV+, Speed+++)))
Your lower body shifts to a powerful aquatic tail in water.
You are frail. (-10% HP)


Message History

The komodo dragon is engulfed in calcifying dust.
The komodo dragon is moving more slowly.
Bronco's ghost hits you but does no damage.
You feel drained.
You slash bronco's ghost!
Bronco's ghost is heavily damaged.
The komodo dragon completely misses you.
Bronco's ghost hits you but does no damage.
You feel drained.
You closely miss bronco's ghost.
Bronco's ghost is heavily damaged.
The komodo dragon bites you!
You slash bronco's ghost!
Bronco's ghost is severely damaged.
You are no longer berserk.
You are exhausted.
You feel yourself slow down. The komodo dragon bites you!!
Bronco's ghost hits you but does no damage.
You feel drained.
You fail to use your ability.
You carefully extract the barbed spikes from your body.
The komodo dragon misses you.
Bronco's ghost hits you but does no damage.
You feel drained. The komodo dragon closely misses you.
The manticore completely misses you.
The manticore claws you but does no damage.
The manticore misses you.
Bronco's ghost hits you but does no damage.
You feel drained.
The komodo dragon completely misses you.
Okay, then.
Unknown command.
As you read the scroll of teleportation, it crumbles to dust.
You feel strangely unstable. The komodo dragon bites you!!!
* * * LOW HITPOINT WARNING * * *
The manticore completely misses you. The manticore barely misses you. x2
Bronco's ghost hits you but does no damage.
You feel drained. The komodo dragon closely misses you.
The manticore bites you!
You die...

######..........#######........#.
# #.......##..########......'. #
#....^...........###......#.
######..###©####.....###..#.
#..##.###..#####.#######
#.##......#...©#..#
#.#....#†..#...##.#
##.#..##lW#l.....#.#
#..#...#@D©..##..#.#
#.##.#...H.#.....#.#
#########.#....###=..##.##.#
......:...##..#.!$=|....#..#
...........###. #####..##.##
.............####.©.####..#
.(.......................##
...................#######
...........#########


You could see a six-headed hydra (petrified), a manticore, 2 komodo dragons and
bronco's ghost.

Vanquished Creatures
  A reaper (IceCv)
  A minotaur (Gauntlet)
  A great orb of eyes (Gauntlet)
  Fannar (Lair:2)
  2 ice dragons (D:12)
  2 catoblepae
  4 two-headed ogres
  5 hydras
  A centaur warrior (D:12)
  3 boulder beetles
  2 death yaks (D:9)
  2 tengu warriors
  A sixfirhy (Lair:5)
  Amaemon (Lair:2)
  A wizard (Lair:5)
  A lindwurm (Lair:5)
  4 orc knights
  2 manticores
  4 ugly things
  A salamander (Lair:3)
  3 cyclopes
  14 elephants
  7 black mambas
  A moth of wrath (D:12)
  An ice statue (IceCv)
  A gargoyle (D:10)
  An unseen horror (D:12)
  A torpor snail (Lair:5)
  10 cane toads
  3 orange demons
  Psyche (D:12)
  6 rime drakes
  2 freezing wraiths (D:12)
  5 komodo dragons
  A tengu conjurer (Gauntlet)
  3 ice devils
  2 red devils (Lair:5)
  A hellwing (Lair:5)
  2 trolls
  A hornet (D:8)
  A wind drake (Lair:3)
  A queen bee (Lair:2)
  8 blink frogs
  Grinder (D:6)
  10 dream sheep
  Sigmund (D:5)
  A vampire (D:12)
  36 yaks
  2 wraiths
  Eustachio (D:5)
  A shadow (D:11)
  6 wyverns
  3 basilisks
  A chaos spawn (Gauntlet)
  A human (D:10)
  A neqoxec (Gauntlet)
  A redback (D:12)
  4 steam dragons
  A harpy simulacrum (IceCv)
  2 death yak simulacra (IceCv)
  2 wargs (D:10)
  Edmund (D:5)
  An acid dragon (D:11)
  Duvessa (D:7)
  4 hell hounds (Lair:5)
  18 water moccasins
  A black bear (Lair:1)
  6 orc warriors
  2 ogres
  5 centaurs
  13 wolves
  3 phantoms
  9 kobold brigands
  7 bullfrogs
  8 two-headed ogre simulacra (IceCv)
  A gnoll sergeant (D:12)
  4 scorpions
  2 cane toad simulacra (IceCv)
  A necrophage (D:7)
  Dowan (D:7)
  19 wights
  17 killer bees
  2 elephant simulacra (IceCv)
  An electric eel (Lair:5)
  3 lava snakes (Lair:3)
  A jelly (D:7)
  10 orc priests
  A hound (D:5)
  2 iguanas
  18 orc wizards
  6 hell rats
  3 polar bear simulacra (IceCv)
  A troll simulacrum (IceCv)
  9 spriggan simulacra (IceCv)
  4 wolf simulacra (IceCv)
  Robin (D:2)
  12 gnolls
  6 naga simulacra (IceCv)
  12 river rats (Lair:2)
  7 adders
  6 white imps
  5 ufetubi (IceCv)
  3 worms
  3 dart slugs
  31 orcs
  3 bats
  3 endoplasms
  A giant cockroach (D:1)
  15 goblins
  8 hobgoblins
  12 jackals
  9 quokkas
  6 ball pythons
  2 frilled lizards (D:3)
  13 kobolds
  21 rats
555 creatures vanquished.

Vanquished Creatures (collateral kills)
  5 death yaks
  3 elephants (Lair:5)
  A gargoyle (D:12)
  A troll (D:12)
  2 dream sheep (Lair:5)
  A wolf (Lair:5)
  A bullfrog (Lair:2)
  An orc priest (D:12)
15 creatures vanquished.

Vanquished Creatures (others)
  A slime creature (D:12)
  A vampire (D:12)
  An adder (D:5)
  19 fungi
  22 plants
44 creatures vanquished.

Grand Total: 614 creatures vanquished

Notes
Turn   | Place    | Note
-------+----------+-------------------------------------------
     0 | D:1      | jejorda2 the Merfolk Berserker began the quest for the Orb.
     0 | D:1      | Reached XP level 1. HP: 18/18 MP: 1/1
   260 | D:1      | Reached XP level 2. HP: 23/24 MP: 2/2
   392 | D:1      | Found a faded altar of an unknown god.
   427 | D:1      | Found Koxtuec's Antique Armour Boutique.
   844 | D:2      | Reached XP level 3. HP: 29/29 MP: 3/3
   870 | D:2      | Reached skill level 5 in Polearms
  1038 | D:2      | Reached ** piety under Trog
  1118 | D:2      | Reached XP level 4. HP: 37/37 MP: 4/4
  1220 | D:2      | Identified the +0 spear "Teamni Cuop" {protect, Will+}
  1778 | D:3      | Noticed Robin
  2183 | D:2      | Killed Robin
  2195 | D:2      | Reached XP level 5. HP: 32/42 MP: 5/5
  2301 | D:3      | Found an opulent altar of Gozag.
  2326 | D:3      | Found a basalt altar of Yredelemnul.
  2376 | D:3      | Reached skill level 6 in Polearms
  2443 | D:3      | Found Amyff's Magic Scroll Emporium.
  2513 | D:3      | Bought a scroll of blinking for 97 gold pieces
  2714 | D:3      | Identified the +11 sling of the Tooth {drain, rPois}
  2731 | D:3      | Found a glowing silver altar of Zin.
  2744 | D:3      | Found a burning altar of Makhleb.
  2846 | D:3      | Bought a scroll of enchant armour for 97 gold pieces
  3045 | D:4      | Reached *** piety under Trog
  3122 | D:4      | Found a transporter.
  3135 | D:4      | Noticed olddryhag's ghost (amateur DrTm)
  3170 | D:4      | Found a transporter.
  3765 | D:5      | Entered Level 5 of the Dungeon
  3766 | D:5      | Noticed Edmund
  3770 | D:5      | Noticed a phantom
  3777 | D:5      | Killed a phantom
  3778 | D:5      | Reached skill level 7 in Polearms
  3778 | D:5      | Reached XP level 6. HP: 49/49 MP: 6/6
  3785 | D:5      | Killed Edmund
  3786 | D:5      | Reached skill level 5 in Dodging
  3920 | D:5      | Reached skill level 5 in Fighting
  3924 | D:5      | Reached XP level 7. HP: 39/56 MP: 7/7
  4067 | D:5      | Reached skill level 8 in Polearms
  4492 | D:5      | Reached skill level 9 in Polearms
  4492 | D:5      | Reached XP level 8. HP: 62/64 MP: 8/8
  4552 | D:5      | Noticed Eustachio
  4579 | D:5      | Killed Eustachio
  4580 | D:5      | Reached skill level 10 in Polearms
  4608 | D:5      | Found an iron altar of Okawaru.
  4608 | D:5      | Found a white marble altar of Elyvilon.
  4663 | D:5      | Noticed Sigmund
  4680 | D:5      | Killed Sigmund
  4681 | D:5      | Reached skill level 11 in Polearms
  5034 | D:6      | Found a broken altar of Ashenzari.
  5048 | D:6      | Noticed Grinder
  5059 | D:6      | Killed Grinder
  5060 | D:6      | Reached skill level 12 in Polearms
  5484 | D:6      | Reached XP level 9. HP: 69/69 MP: 9/9
  5800 | D:6      | Reached skill level 13 in Polearms
  6417 | D:7      | Noticed Duvessa
  6417 | D:7      | Noticed Dowan
  6425 | D:7      | Killed Duvessa
  6442 | D:7      | Killed Dowan
  6443 | D:7      | Reached skill level 14 in Polearms
  6486 | D:7      | Found a stormy altar of Qazlal.
  6556 | D:7      | Identified the +1 rapier of the Hummingbird {elec, rElec
                  | rPois rC++ Will-}
  6952 | D:7      | Found a staircase to the Ecumenical Temple.
  7389 | D:8      | Found a flagged portal.
  7398 | Bailey   | Entered a bailey
  7444 | Bailey   | Reached XP level 10. HP: 39/76 MP: 10/10
  7645 | Bailey   | Noticed an orc knight
  7653 | Bailey   | Noticed an orc knight
  7671 | Bailey   | Reached skill level 15 in Polearms
  7675 | Bailey   | Killed an orc knight
  7676 | Bailey   | Reached skill level 1 in Throwing
  7710 | Bailey   | Killed an orc knight
  7711 | Bailey   | Reached skill level 5 in Armour
  7771 | Bailey   | Found an iron altar of Okawaru.
  7784 | Bailey   | Identified the ring "Numuam" {rElec Int+6 Slay+2}
  7957 | D:8      | Reached **** piety under Trog
  8085 | D:8      | Paralysed by a hornet for 1 turns
  8316 | D:8      | Noticed a two-headed ogre
  8329 | D:8      | Killed a two-headed ogre
  8730 | D:9      | Reached skill level 16 in Polearms
  8730 | D:9      | Reached XP level 11. HP: 81/81 MP: 11/11
  8888 | D:9      | Found a sparkling altar of Nemelex Xobeh.
  8967 | D:9      | Noticed a death yak
  8996 | D:9      | Killed a death yak
  8997 | D:9      | Reached skill level 5 in Throwing
  9265 | D:9      | Noticed a death yak
  9265 | D:9      | Noticed a death yak
  9287 | D:9      | Killed a death yak
  9289 | D:9      | Killed a death yak
  9337 | D:9      | Found a staircase to the Lair.
  9543 | D:10     | Entered Level 10 of the Dungeon
  9587 | D:10     | Found a staircase to the Orcish Mines.
  9887 | D:10     | Reached skill level 17 in Polearms
 10530 | Lair:1   | Entered Level 1 of the Lair of Beasts
 11035 | Lair:1   | Reached skill level 1 in Stealth
 11035 | Lair:1   | Reached XP level 12. HP: 94/94 MP: 12/12
 11036 | Lair:1   | Found a snail-covered altar of Cheibriados.
 11525 | Lair:2   | Noticed a death yak
 11525 | Lair:2   | Noticed a death yak
 11526 | Lair:2   | Noticed a death yak
 11527 | Lair:2   | Noticed a death yak
 11529 | Lair:2   | Killed a death yak
 11531 | Lair:2   | Killed a death yak
 11536 | Lair:2   | Killed a death yak
 11541 | Lair:2   | Killed a death yak
 11546 | Lair:2   | Found a frozen archway.
 11595 | Lair:2   | Found a gate leading to a gauntlet.
 11602 | Gauntlet | Entered a Gauntlet
 11602 | Gauntlet | Found a transporter.
 11605 | Gauntlet | Found a transporter.
 11607 | Gauntlet | Found a transporter.
 11613 | Gauntlet | Noticed a tengu warrior
 11623 | Gauntlet | Found a transporter.
 11627 | Gauntlet | Found a runed translucent door.
 11627 | Gauntlet | Found a runed translucent door.
 11629 | Gauntlet | Found a transporter.
 11629 | Gauntlet | Noticed a great orb of eyes
 11632 | Gauntlet | Found a transporter.
 11648 | Gauntlet | Found a transporter.
 11656 | Gauntlet | Noticed a great orb of eyes
 11658 | Gauntlet | Found a transporter.
 11663 | Gauntlet | Found a transporter.
 11663 | Gauntlet | Found a transporter.
 11666 | Gauntlet | Noticed a soul eater
 11681 | Gauntlet | Found a transporter.
 11684 | Gauntlet | Found a transporter.
 11706 | Gauntlet | Noticed a reaper
 11708 | Gauntlet | Found a runed translucent door.
 11709 | Gauntlet | Found a transporter.
 11710 | Gauntlet | Found a runed translucent door.
 11723 | Gauntlet | Found a transporter.
 11776 | Gauntlet | Gained mutation: You are frail. (-10% HP) [a neqoxec]
 11782 | Gauntlet | Identified the +2 helmet "Meedugiz" {Harm MP+9}
 11848 | Gauntlet | Killed a tengu warrior
 11849 | Gauntlet | Reached skill level 18 in Polearms
 11882 | Gauntlet | Paralysed by a great orb of eyes for 3 turns
 11895 | Gauntlet | Killed a great orb of eyes
 11896 | Gauntlet | Reached skill level 10 in Fighting
 11910 | Gauntlet | Identified the +5 cloak "Roczetaq" {rF+ rC++}
 11971 | Gauntlet | Noticed a minotaur
 11977 | Gauntlet | Killed a minotaur
 12047 | IceCv    | Entered an ice cave
 12296 | IceCv    | Noticed a reaper
 12326 | IceCv    | Killed a reaper
 12494 | IceCv    | Identified the +6 war axe of Crystal {holy, Int+3}
 12569 | IceCv    | Reached XP level 13. HP: 93/93 MP: 13/13
 13011 | Lair:2   | Noticed Fannar
 13022 | Lair:2   | Killed Fannar
 13022 | Lair:2   | Reached ***** piety under Trog
 13709 | Lair:2   | Noticed Amaemon
 13727 | Lair:2   | Killed Amaemon
 13818 | Lair:2   | Reached skill level 1 in Evocations
 13821 | Lair:2   | Reached skill level 19 in Polearms
 13939 | Lair:2   | Received a gift from Trog
 14472 | Lair:3   | Reached skill level 10 in Throwing
 14739 | Lair:3   | Found a staircase to the Shoals.
 15028 | Lair:3   | Found a staircase to the Snake Pit.
 15908 | Lair:4   | Found a staircase to the Slime Pits.
 15910 | Lair:4   | Found a viscous altar of Jiyva.
 16067 | Lair:4   | Identified the +4 hand axe of Askar {heavy, Stlth+}
 16702 | Lair:5   | Entered Level 5 of the Lair of Beasts
 16893 | Lair:5   | Reached XP level 14. HP: 103/103 MP: 14/14
 16906 | Lair:5   | Reached skill level 5 in Evocations
 16921 | Lair:5   | Reached skill level 20 in Polearms
 17956 | Lair:5   | Received a gift from Trog
 18530 | Lair:5   | Found a burning altar of Makhleb.
 18670 | Lair:5   | Found a gateway to Hell.
 19233 | D:11     | Found Dedghog's Antique Weapon Emporium.
 19770 | D:12     | Noticed Psyche
 20001 | D:12     | Found Movoba's Antique Weapon Boutique.
 20020 | D:12     | Reached XP level 15. HP: 109/110 MP: 15/15
 20411 | D:12     | Killed Psyche
 20544 | D:12     | Found a runed translucent door.
 20736 | D:12     | Identified the +0 ring mail of the Bruised Mouths {Contam
                  | rPois Regen+ Dex+4}
 20737 | D:12     | Identified the +3 plate armour of the Blessed Realm {Dex+3}
 20758 | D:12     | Found a runed translucent door.
 20888 | D:12     | Found a transporter.
 20891 | D:12     | Noticed bronco's ghost (journeyman SpBr)
 20945 | D:12     | Found a transporter.
 21023 | D:12     | Slain by a manticore

Illustrated notes

Levels and vault maps discovered:
D:1:      amcnicky_arrival_choice, layout_loops_corners,
          hellmonk_ecumenical_altar_heavens_door, serial_shops,
          nicolae_shop_window_shopping
D:2:      layout_basic, minmay_misc_feat_nine_boxes,
          chequers_serial_rivers_small_a
D:3:      layout_rooms, nicolae_overflow_quartered_altars, serial_shops, shop,
          uniq_robin
D:4:      layout_cave_pods, gammafunk_ghost_stat_death
D:5:      layout_basic, gammafunk_temple_overflow_wave, uniq_eustachio,
          uniq_edmund, uniq_sigmund
D:6:      layout_gridville, ashenzari_altar_1, uniq_grinder
D:7:      layout_layer_cave, lemuel_tele_altar, minmay_temple_entry_waves,
          uniq_duvessa
D:8:      layout_layer_cave, enter_bailey_2, hangedman_decor_peaks_small,
          minmay_tree_intersection
D:9:      layout_gridville, nemelex_diamond_rough_becter, dpeg_lair_monsters
D:10:     layout_irregular_city, erik_orc_4, hex_tiny
D:11:     nicolae_cairo_tiling_large, layout_grid_maze, serial_shops, shop
D:12:     minmay_the_grid_triangle_9x9_rhombus_full_mashed
          [minmay_the_grid_triangle_9x9_negative_grid,
          minmay_the_grid_triangle_9x9_tough_junction,
          minmay_the_grid_triangle_9x9_skeleton,
          minmay_the_grid_triangle_9x9_from_above,
          minmay_the_grid_triangle_9x9_odd_lines,
          minmay_the_grid_triangle_9x9_wacky_v,
          minmay_the_grid_triangle_9x9_minimal,
          minmay_the_grid_triangle_9x9_prize_center], layout_gridville,
          serial_shops, shop, gammafunk_ghost_berserking_beasts, uniq_psyche
Lair:1:   layout_cave_shapes, grunt_forest_small_clearings,
          lemuel_altar_in_water2, guppyfry_lair_drakes
Lair:2:   lemuel_ratsnest, layout_loops_ring, portal_ice_cave_entry_pillars_1,
          gauntlet_entry_generic, special_room [special_room_bee], uniq_amaemon,
          uniq_fannar
Lair:3:   layout_hall_layers, minmay_shoals_entry_beasts,
          nicolae_snake_entry_warm_welcome
Lair:4:   layout_cave_pods, slime_entry_1, infiniplex_staircase_pool
Lair:5:   evil_forest, layout_gridlike, grunt_megastairs_1, serial_bayou_shore_a

Skill      XL: |  1  2  3  4  5  6  7  8  9 10 11 12 13 14 |
---------------+-------------------------------------------+-----
Dodging        | 3 4 5 6 |  6.0
Polearms       | 5 7 9 12 14 16 17 18 19 20 | 20.9
Fighting       | 4 5 6 8 10 12 13 | 13.6
Armour         | 3 6 7 |  7.7
Throwing       | 4 7 9 10 12 | 12.0
Stealth        | 1 4 |  4.0
Evocations     | 4 7 |  7.0

Action                     |  1- 3 |  4- 6 |  7- 9 | 10-12 | 13-15 || total
---------------------------+-------+-------+-------+-------+-------++-------
  Melee: Spear             |   119 |   179 |       |       |       ||   298
         Punch             |     1 |     1 |       |       |     1 ||     3
         Halberd           |       |    51 |   153 |       |       ||   204
         Glaive            |       |       |    96 |   571 |   666 ||  1333
         Tailslap          |       |       |     1 |       |       ||     1
         Trident           |       |       |       |       |    40 ||    40
         Bardiche          |       |       |       |       |   205 ||   205
  Throw: Stone             |       |     5 |     9 |       |       ||    14
         Dart              |       |       |       |     3 |    56 ||    59
         Boomerang         |       |       |       |     8 |    52 ||    60
         Javelin           |       |       |       |       |     4 ||     4
 Invoke: Berserk           |       |     5 |     9 |    12 |     5 ||    31
         Trog's Hand       |       |     1 |     6 |     5 |     8 ||    20
         Brothers in Arms  |       |       |       |     2 |     3 ||     5
  Evoke: Wand              |       |       |       |     1 |     1 ||     2
         Condenser vane    |       |       |       |     1 |       ||     1
    Use: Scroll            |       |    11 |     6 |    10 |     9 ||    36
         Potion            |       |       |       |     8 |       ||     8
   Stab: Paralysed         |       |       |       |     2 |     2 ||     4
         Petrifying        |       |       |       |       |     1 ||     1
 Armour: Animal skin       |     4 |       |       |       |       ||     4
         Chain mail        |    38 |    82 |       |    58 |   314 ||   492
         Plate armour      |       |    31 |    87 |   100 |       ||   218
         Ice dragon scales |       |       |       |     6 |     2 ||     8
  Dodge: Dodged            |    34 |    92 |   206 |   399 |   807 ||  1538

Table legend: (Time is in decaauts)
 A = Elapsed time spent in this place.
 B = Non-inter-level travel time spent in this place.
 C = Inter-level travel time spent in this place.
 D = Time resting spent in this place.
 E = Time spent auto-exploring this place.
 F = Levels seen in this place.
 G = Mean time per level.
                   A        B        C        D        E       F      G
               +--------+--------+--------+--------+--------+-----+--------+
         Total |  20921 |  19649 |   1272 |   1923 |  13656 |  20 | 1046.1 |
       Dungeon |  12415 |  11685 |    730 |   1018 |   8574 |  12 | 1034.6 |
          Lair |   6759 |   6217 |    542 |    349 |   4650 |   5 | 1351.8 |
        Bailey |    442 |    442 |      0 |    161 |    109 |   1 |  442.0 |
      Ice Cave |    910 |    910 |      0 |    347 |    282 |   1 |  910.0 |
      Gauntlet |    394 |    394 |      0 |     47 |     40 |   1 |  394.0 |
               +--------+--------+--------+--------+--------+-----+--------+

Top non-repeatable levels by time:
  Lair:5: 1729 daAuts
     D:7: 1433 daAuts
  Lair:3: 1400 daAuts
  Lair:2: 1369 daAuts
    D:11: 1361 daAuts
  Lair:4: 1280 daAuts
     D:5: 1166 daAuts
     D:2: 1130 daAuts
     D:4: 1095 daAuts
    D:10: 981 daAuts
  Lair:1: 978 daAuts
     D:9: 967 daAuts
     D:6: 951 daAuts
   IceCv: 910 daAuts
    D:12: 849 daAuts
